 Dungeon Crawl Stone Soup version 0.30-b1-2-g02819fbbbe (webtiles) character file.

Game seed: 17130874799331149321

(classic levelgen) 15996 EnegeticOcto the Cleaver (level 12, -2/107 HPs)
             Began as a Minotaur Fighter on May 9, 2023.
             Was a High Priest of Cheibriados.
             Slain by a vampire (5 damage)
             ... on level 12 of the Dungeon.
             The game lasted 00:06:32 (11072 turns).

EnegeticOcto the Cleaver (Minotaur Fighter)        Turns: 11072, Time: 00:06:32

Health: -2/107     AC: 19    Str: 39    XL:     12   Next: 6%
Magic:  16/16      EV: 13    Int: 18    God:    Cheibriados [*****.]
Gold:   501        SH:  0    Dex: 23    Spells: 11/11 levels left

rFire   . . .        b - +1 executioner's axe (flame)
rCold   . . .        (shield currently unavailable)
rNeg    . . .        k - +0 plate armour
rPois   .            (helmet restricted)
rElec   .            w - +0 cloak
rCorr   .            e - +0 pair of gloves
SInv    .            m - +0 pair of boots
Will    .....        x - amulet of the acrobat Stlth
                     (no ring)
HPRegen 0.37/turn    (no ring)
MPRegen 0.15/turn

%: acrobat
@: very slow
A: horns 2, retaliatory headbutt
a: Renounce Religion, Bend Time, Temporal Distortion, Slouch, Step From Time


You were on level 12 of the Dungeon.
You worshipped Cheibriados.
Cheibriados was extremely pleased with you.
You visited 2 branches of the dungeon, and saw 13 of its levels.

You collected 591 gold pieces.
You spent 90 gold pieces at shops.

Inventory:

Hand Weapons
 a - a +0 war axe
 b - a +1 executioner's axe of flaming (weapon)
   (You acquired it on level 4 of the Dungeon)
 K - a +2 whip of distortion
   (You took it off an orc priest on level 9 of the Dungeon)
Armour
 c - a +0 buckler
 e - a +0 pair of gloves (worn)
   (You found it on level 1 of the Dungeon)
 k - a +0 plate armour (worn)
   (You found it on level 1 of the Dungeon)
 m - a +0 pair of boots (worn)
   (You found it on level 5 of the Dungeon)
 w - a +0 cloak (worn)
   (You took it off Crazy Yiuf on level 4 of the Dungeon)
 J - a +0 kite shield
   (You took it off a gnoll sergeant on level 8 of the Dungeon)
Jewellery
 x - an amulet of the acrobat (around neck)
   (You found it on level 6 of the Dungeon)
 y - a ring of resist corrosion
   (You found it on level 6 of the Dungeon)
Wands
 p - a wand of polymorph (11)
   (You took it off Crazy Yiuf on level 4 of the Dungeon)
 r - a wand of flame (11) {@v4}
   (You took it off Ijyb on level 3 of the Dungeon)
 v - a wand of mindburst (12)
   (You found it on level 4 of the Dungeon)
 I - a wand of roots (6) {@v2}
   (You found it on level 8 of the Dungeon)
Scrolls
 f - a scroll of enchant weapon
 g - 15 scrolls of teleportation {@r3}
 h - 2 scrolls of blinking {@r4}
 n - a scroll of torment
 o - 3 scrolls of magic mapping {@r5}
 q - a scroll of silence {unknown}
 A - a scroll of vulnerability
 C - a scroll of fear
 G - a scroll of identify {@r1}
 H - a scroll of fog
 L - a scroll of enchant armour {unknown}
 M - a scroll of amnesia {unknown}
Potions
 d - 3 potions of might {@q3}
 i - 3 potions of curing {@q1}
 j - a potion of degeneration {unknown}
 l - a potion of resistance {@q5}
 s - a potion of attraction
 t - a potion of flight
 u - 2 potions of magic
 z - 2 potions of haste {unknown}
 B - a potion of lignification {unknown}
 D - a potion of cancellation {unknown}
 E - 2 potions of brilliance {unknown}
 F - a potion of mutation {unknown}


   Skills:
 + Level 10.4 Fighting
 * Level 14.0 Axes
 + Level 10.4 Armour
 + Level 6.0 Dodging
 - Level 8.0 Shields
 + Level 7.7 Invocations


You had 11 spell levels left.
You didn't know any spells.
Your spell library was empty.

Dungeon Overview and Level Annotations

Branches:
Dungeon (12/15)            Temple (1/1) D:4            Lair (0/5) D:11
    Orc (0/2) D:11

Altars:
Ashenzari
Cheibriados
Dithmenos
Elyvilon
Fedhas
Kikubaaqudgha
Makhleb
Okawaru
Qazlal
Sif Muna
Vehumet
Wu Jian
Xom
Yredelemnul

Shops:
D:4 :   D:5 *

Annotations:
D:10 2 transporters, Mesmaeker13's ghost, journeyman BaHu
D:12 1 transporter


Innate Abilities, Weirdness & Mutations

You have a pair of horns on your head.
You reflexively headbutt those who attack you in melee.


Message History

The electric eel shoots out a bolt of lightning at you!
The bolt of electricity hits you!
The electric eel shoots out a bolt of lightning at you!
The bolt of electricity hits you!
The electric eel shoots out a bolt of lightning at you!
The bolt of electricity hits you.
Your unstable footing causes you to fumble your attack.
You hear some strange, mumbled words.
Something tries to affect you, but you resist.
Your unstable footing causes you to fumble your attack.
Something hits you. Something bites you.
Something draws strength from your injuries!
You barely miss the electric eel. You slash something! You burn something.
The electric eel shoots out a bolt of lightning at you!
The bolt of electricity hits you!
You hear some strange, mumbled words.
Something tries to affect you, but you resist.
Something barely misses you. Something bites you!
Something draws strength from your injuries!
The electric eel shoots out a bolt of lightning at you!
The bolt of electricity misses you.
You are too injured to fight recklessly!
You are too injured to fight recklessly!
You are too injured to fight recklessly!
You are too injured to fight recklessly!
You are too injured to fight recklessly!
You are too injured to fight recklessly!
You are too injured to fight recklessly!
You are too injured to fight recklessly!
You are too injured to fight recklessly!
You are too injured to fight recklessly!
You are too injured to fight recklessly!
You are too injured to fight recklessly!
You are too injured to fight recklessly!
Your unstable footing causes you to fumble your attack.
Something barely misses you. Something bites you but does no damage.
You hit the electric eel. You burn the electric eel.
You headbutt the electric eel.
The electric eel is heavily wounded.
You slash something! You burn something.
The electric eel shoots out a bolt of lightning at you!
The bolt of electricity hits you. Something hits you but does no damage.
Something barely misses you.
You slice the electric eel!! You burn the electric eel.
You kill the electric eel!
Cheibriados appreciates the change of pace.
You closely miss something. Something closely misses you.
Something barely misses you. Something completely misses you.
Something bites you.
Something draws strength from your injuries!
Something hits you but does no damage. Something barely misses you.
There is a strange disturbance nearby!
There is a strange disturbance nearby!
Something hits you but does no damage. Something bites you but does no damage.
Something hits you but does no damage. Something barely misses you. x2
Something closely misses you. Something hits you but does no damage.
Something completely misses you. Something closely misses you.
Something bites you but does no damage.
You miss something. Your headbutt misses something.
Something barely misses you. Something bites you but does no damage.
Something hits you but does no damage. Something bites you but does no damage.
You barely miss something. You headbutt something!
Something draws life force from you!!
* * * LOW HITPOINT WARNING * * *
You barely miss something. You headbutt something.
You hear some strange, mumbled words.
You are confused.
A vampire appears from thin air!
Reactivating autopickup.
The vampire hits you but does no damage.
The vampire completely misses you.
You bump into the rock wall.
The vampire draws life force from you.
* * * LOW HITPOINT WARNING * * *
The vampire is healed by the life force!
You bump into the rock wall.
The vampire closely misses you. The vampire misses you.
You feel less confused. The vampire closely misses you. The vampire misses you.
The vampire closely misses you. The vampire completely misses you.
You hit the vampire but do no damage.
You headbutt the vampire, but do no damage.
The vampire is heavily damaged.
The vampire hits you but does no damage.
The vampire closely misses you.
You slash the vampire! You burn the vampire.
The vampire is severely damaged.
The vampire draws life force from you!
* * * LOW HITPOINT WARNING * * *
The vampire is healed by the life force!
You closely miss the vampire. Your headbutt misses the vampire.
The vampire is heavily damaged.
The vampire hits you but does no damage.
The vampire bites you.
* * * LOW HITPOINT WARNING * * *
The vampire draws strength from your injuries!
You hit the vampire. You burn the vampire.
You headbutt the vampire, but do no damage.
The vampire is heavily damaged.
The vampire hits you.
You die...

#....########
#.#..P.(P♣..
#..P.~~~.~~♣##
###.♣~~.~.~♣...#
...♣~.~~~~~~.~.#
...~~~≈≈~≈P~..#
#♣~~~~~~~~P..#
#..~~.~~.~~..# #.
#......V@...## .#.#
##.#.#).##.##
8Q.♣#..##. #.##.# .#
..)p#©... #.##.# #
8.$♣#...## #..#.#
#.e#....####.#.#
#.g#.........#.##
.e8#....#...?.......
#................


You could see a vampire.

Vanquished Creatures
  Erolcha (D:10)
  4 two-headed ogres
  A boulder beetle (D:12)
  A tengu warrior (D:12)
  A deep troll (D:11)
  A deep elf pyromancer (D:12)
  An orc knight (D:11)
  2 cyclopes
  2 ugly things (D:12)
  2 kobold demonologists
  A komodo dragon (D:12)
  5 trolls
  Prince Ribbit (D:5)
  Sigmund (D:6)
  A shadow (D:12)
  3 wraiths (D:12)
  A vampire (D:10)
  Eustachio (D:6)
  A basilisk (D:12)
  7 yaks (D:10)
  Edmund (D:6)
  Menkaure (D:7)
  An acid dragon (D:9)
  Duvessa (D:4)
  A water moccasin (D:7)
  8 orc warriors
  5 ice beasts
  2 centaurs
  A phantom (D:6)
  4 kobold brigands
  4 bullfrogs
  2 gnoll sergeants
  3 scorpions
  8 wights
  A jelly (D:7)
  Dowan (D:4)
  6 killer bees (D:10)
  5 electric eels (D:12)
  3 howler monkeys
  3 hounds
  10 orc priests
  Crazy Yiuf (D:4)
  Jessica (D:2)
  Ijyb (D:3)
  5 orc wizards
  8 gnolls
  8 adders
  A shadow imp (D:6)
  2 white imps
  An ufetubus (D:6)
  4 worms
  8 dart slugs
  51 orcs
  6 endoplasms
  2 giant cockroaches
  7 goblins
  9 hobgoblins
  2 quokkas (D:2)
  7 ball pythons
  5 bats
  4 frilled lizards
  28 kobolds
  6 rats
276 creatures vanquished.

Vanquished Creatures (others)
  57 plants
57 creatures vanquished.

Grand Total: 333 creatures vanquished

Notes
Turn   | Place    | Note
-------+----------+-------------------------------------------
     0 | D:1      | EnegeticOcto the Minotaur Fighter began the quest for the
                  | Orb.
     0 | D:1      | Reached XP level 1. HP: 19/19 MP: 0/0
   104 | D:1      | Reached XP level 2. HP: 25/27 MP: 1/1
   167 | D:1      | Reached skill level 3 in Axes
   567 | D:2      | Reached XP level 3. HP: 20/33 MP: 2/2
   915 | D:2      | Reached XP level 4. HP: 33/40 MP: 3/3
  1146 | D:2      | Noticed Jessica
  1159 | D:2      | Killed Jessica
  1160 | D:2      | Reached skill level 4 in Axes
  1279 | D:2      | Found a faded altar of an unknown god.
  1715 | D:3      | Noticed Ijyb
  1723 | D:3      | Killed Ijyb
  1724 | D:3      | Reached XP level 5. HP: 46/47 MP: 4/4
  2104 | D:4      | Found a staircase to the Ecumenical Temple.
  2120 | Temple   | Entered the Ecumenical Temple
  2151 | Temple   | Became a worshipper of Cheibriados the Contemplative
  2300 | D:4      | Found Fuel's Tiny Tomes.
  2412 | D:4      | Reached skill level 5 in Axes
  2439 | D:4      | Reached * piety under Cheibriados
  2602 | D:4      | Noticed Duvessa
  2602 | D:4      | Noticed Dowan
  2610 | D:4      | Killed Duvessa
  2611 | D:4      | Reached skill level 1 in Invocations
  2611 | D:4      | Reached XP level 6. HP: 30/55 MP: 5/5
  2612 | D:4      | Killed Dowan
  2613 | D:4      | Reached skill level 5 in Fighting
  2613 | D:4      | Reached skill level 5 in Armour
  2613 | D:4      | Reached skill level 5 in Shields
  2970 | D:4      | Found a runed translucent door.
  2971 | D:4      | Noticed Crazy Yiuf
  3051 | D:4      | Killed Crazy Yiuf
  3181 | D:4      | Identified a scroll of acquirement
  3181 | D:4      | Acquired a +1 executioner's axe of electrocution
  3221 | D:5      | Entered Level 5 of the Dungeon
  3238 | D:5      | Noticed an ice beast
  3245 | D:5      | Killed an ice beast
  3246 | D:5      | Reached skill level 6 in Axes
  3246 | D:5      | Reached XP level 7. HP: 35/61 MP: 7/7
  3545 | D:5      | Found Laarukig's General Store.
  3584 | D:5      | Bought a scroll of magic mapping for 90 gold pieces
  3629 | D:5      | Found a white marble altar of Elyvilon.
  3723 | D:5      | Noticed Prince Ribbit
  3732 | D:5      | Killed Prince Ribbit
  3999 | D:6      | Noticed Edmund
  4006 | D:6      | Killed Edmund
  4007 | D:6      | Reached skill level 7 in Axes
  4007 | D:6      | Reached XP level 8. HP: 36/70 MP: 7/9
  4345 | D:6      | Noticed Sigmund
  4350 | D:6      | Killed Sigmund
  4459 | D:6      | Reached ** piety under Cheibriados
  4554 | D:6      | Reached skill level 8 in Axes
  4608 | D:6      | Noticed Eustachio
  4612 | D:6      | Killed Eustachio
  5089 | D:7      | Reached XP level 9. HP: 77/78 MP: 9/11
  5244 | D:7      | Reached skill level 9 in Axes
  5314 | D:7      | Found Edyf Napt's Antique Armour Boutique.
  5766 | D:7      | Noticed Menkaure
  5771 | D:7      | Killed Menkaure
  5924 | D:8      | Noticed a cyclops
  5932 | D:8      | Killed a cyclops
  5934 | D:8      | Reached *** piety under Cheibriados
  6259 | D:8      | Reached skill level 10 in Axes
  6388 | D:8      | Reached skill level 5 in Invocations
  6618 | D:8      | Reached **** piety under Cheibriados
  6908 | D:9      | Reached XP level 10. HP: 74/88 MP: 12/12
  7036 | D:9      | Found a broken altar of Ashenzari.
  7238 | D:9      | Reached skill level 1 in Dodging
  7275 | D:9      | Noticed a two-headed ogre
  7280 | D:9      | Killed a two-headed ogre
  7281 | D:9      | Reached skill level 11 in Axes
  7775 | D:10     | Entered Level 10 of the Dungeon
  7788 | D:10     | Reached ***** piety under Cheibriados
  8000 | D:10     | Noticed Erolcha
  8008 | D:10     | Noticed a smoke demon
  8008 | D:10     | Killed Erolcha
  8009 | D:10     | Reached skill level 12 in Axes
  8017 | D:10     | Reached XP level 11. HP: 27/97 MP: 14/14
  8236 | D:10     | Noticed a boulder beetle
  8240 | D:10     | Noticed Mesmaeker13's ghost (journeyman BaHu)
  8248 | D:10     | Found a transporter.
  8252 | D:10     | Found a transporter.
  8732 | D:11     | Noticed a two-headed ogre
  8735 | D:11     | Noticed a two-headed ogre
  8738 | D:11     | Noticed a two-headed ogre
  8739 | D:11     | Killed a two-headed ogre
  8742 | D:11     | Killed a two-headed ogre
  8743 | D:11     | HP: 3/97 [two-headed ogre/+0 giant club (15)]
  8744 | D:11     | Killed a two-headed ogre
  9047 | D:11     | Noticed an orc knight
  9051 | D:11     | Killed an orc knight
  9061 | D:11     | Found a staircase to the Orcish Mines.
  9156 | D:11     | Reached skill level 13 in Axes
  9596 | D:11     | Found a staircase to the Lair.
  9684 | D:11     | Noticed a deep troll
  9687 | D:11     | Killed a deep troll
  9688 | D:11     | Reached skill level 5 in Dodging
  9835 | D:12     | Noticed a tengu warrior
  9837 | D:12     | Noticed a red ugly thing
  9837 | D:12     | Noticed a cyan ugly thing
  9839 | D:12     | Killed a tengu warrior
  9840 | D:12     | Reached skill level 10 in Fighting
  9840 | D:12     | Reached skill level 10 in Armour
  9849 | D:12     | HP: 4/99 [red ugly thing (19)]
 10088 | D:12     | Killed a cyan ugly thing
 10089 | D:12     | Killed a cyan ugly thing
 10370 | D:12     | Noticed a boulder beetle
 10375 | D:12     | Killed a boulder beetle
 10496 | D:12     | HP: 1/101 [electric eel/bolt of electricity (8)]
 10848 | D:12     | Found a transporter.
 10849 | D:12     | Noticed a wizard
 10849 | D:12     | Noticed a wizard
 10849 | D:12     | Noticed an orc sorcerer
 10850 | D:12     | Noticed a deep elf zephyrmancer
 10850 | D:12     | Noticed a deep elf zephyrmancer
 10882 | D:12     | Reached XP level 12. HP: 68/107 MP: 16/16
 11049 | D:12     | Reached skill level 14 in Axes
 11071 | D:12     | HP: 3/107 [vampire (5)]
 11072 | D:12     | Slain by a vampire

Illustrated notes

Levels and vault maps discovered:
D:1:      evilmike_arrival_grusome_pit, layout_rooms
D:2:      layout_loops_ring, dilly_ecumenical_altar_fadedgnrine, uniq_jessica
D:3:      layout_basic, uniq_ijyb
D:4:      mumra_celtic_spiral_tile, layout_rooms, minmay_temple_entry_trees,
          nicolae_shop_i_like_small_books_too, uniq_crazy_yiuf_cottage,
          uniq_duvessa
D:5:      layout_cave_pools, mainiacjoe_overflow_concentric_impassable,
          serial_shops, nicolae_shop_just_a_little_nook, uniq_prince_ribbit1
D:6:      layout_loops_ring, uniq_sigmund, uniq_eustachio, uniq_edmund
D:7:      layout_loops_corners, serial_shops, shop,
          amcnicky_mini_rare_corridor_liquid, palyth_stone_intersect,
          uniq_menkaure
D:8:      layout_gridville, nrook_campfire
D:9:      layout_long_grid, ashenzari_altar_1, chequers_serial_rivers_micro_d
D:10:     layout_rooms, gammafunk_ghost_arena, uniq_erolcha
D:11:     dreamdust_cave_troll, layout_cave_pools, lair_entry_dummy, david_orc_5
D:12:     gammafunk_sealed_library, layout_loops_ring, serial_bayou,
          serial_bayou_ford_a, serial_bayou_pond_b, serial_bayou_pond_b,
          serial_bayou_shore_a, serial_bayou_crossing, serial_bayou_pond_b
Temple:   nicolae_temple_bog_church

Skill      XL: |  1  2  3  4  5  6  7  8  9 10 11 12 |
---------------+-------------------------------------+-----
Axes           | 3 4 5 6 7 8 10 12 13 14 | 14.0
Fighting       | 4 5 6 8 9 10 | 10.4
Armour         | 4 5 6 8 9 10 | 10.4
Shields        | 4 5 6 8 |  8.0
Invocations    | 1 2 4 5 6 7 |  7.7
Dodging        | 3 5 6 |  6.0

Action                     |  1- 3 |  4- 6 |  7- 9 | 10-12 || total
---------------------------+-------+-------+-------+-------++-------
  Melee: War axe           |    82 |   119 |       |       ||   201
         Headbutt          |     8 |    31 |    26 |    34 ||    99
         Unarmed           |       |    10 |       |       ||    10
         Executioner's axe |       |     6 |   159 |   184 ||   349
 Invoke: Temporal Distorti |       |       |       |     3 ||     3
  Evoke: Wand              |       |       |       |     7 ||     7
    Use: Potion            |       |     1 |     1 |     3 ||     5
         Scroll            |       |    11 |     1 |     5 ||    17
 Armour: Scale mail        |    23 |       |       |       ||    23
         Plate armour      |    42 |    85 |   134 |   107 ||   368
  Dodge: Dodged            |    40 |    32 |   108 |   172 ||   352
  Block: Buckler           |    20 |    26 |       |       ||    46
